 Dungeon Crawl Stone Soup version 0.30-a0-793-g160f7cfddd (webtiles) character file.

Game seed: 11980730392328530563

1841184 freelancePsychic the Slayer (level 25, 232/232 HPs)
             Began as a Demonspawn Brigand on Feb 19, 2023.
             Was a High Priest of Okawaru.
             Escaped with the Orb
             ... and 3 runes!
             The game lasted 02:01:02 (56248 turns).

freelancePsychic the Slayer (Demonspawn Brigand)   Turns: 56248, Time: 02:01:02

Health: 232/232    AC: 44    Str: 23    XL:     25   Next: 94%
Magic:  41/41      EV: 24    Int: 19    God:    Okawaru [*****.]
Gold:   4308       SH: 17    Dex: 28    Spells: 24/24 levels left

rFire   . . .      SeeInvis +      - Unarmed
rCold   + + +      Faith    .    a - +1 kite shield "Putwer" {Rampage rF+ Dex+2}
rNeg    . . .      Spirit   +    y - +14 plate armour of Wariness {rF+ SInv}
rPois   +          Reflect  .    n - +3 helmet "Oqaitad" {MP+9 Str+6 Dex-3}
rElec   +          Harm     .    Y - +0 cloak of Hospitality {Regen+ Str+6}
rCorr   +          Rampage  +    (gloves unavailable)
Will    +++..                    l - +2 pair of boots "Jeacoath" {Will+ rCorr Int+2}
Stlth   +                        t - amulet of guardian spirit
HPRegen 1.38/turn                R - ring "Riomep" {rElec rPois rF- Int+4}
MPRegen 0.27/turn                T - ring of Ratiozil {Fly rC+++ EV+5 Str-4 Dex+6}

@: flying, studying Stealth
A: claws 3, rugged brown scales 3, ignite blood 2, powered by pain 3, torment
resistance 1, demonic willpower, cold resistance 1, heat vulnerability 1
0: Orb of Zot
}: 3/15 runes: decaying, serpentine, slimy
a: Renounce Religion, Heroism, Finesse, Duel


You escaped.
You worshipped Okawaru.
Okawaru was extremely pleased with you.
You visited 10 branches of the dungeon, and saw 51 of its levels.
You visited 1 bazaar.
You also visited: Bailey and Volcano.

You collected 8344 gold pieces.
You spent 4036 gold pieces at shops.

Inventory:

Missiles
 b - 21 silver javelins
 e - 2 curare-tipped darts
 D - 2 throwing nets
 L - 8 javelins (quivered)
 V - 20 boomerangs
 W - 8 atropa-tipped darts
Armour
 a - the +1 kite shield "Putwer" (worn) {Rampage rF+ Dex+2}
   (You acquired it on level 1 of the Snake Pit)

   Dex:       It affects your dexterity (+2).
   rF:        It protects you from fire.
   Rampage:   It bestows one free step when moving towards enemies.
 l - the +2 pair of boots "Jeacoath" (worn) {Will+ rCorr Int+2}
   (Okawaru gifted it to you on level 2 of the Swamp)

   Int:       It affects your intelligence (+2).
   rCorr:     It protects you from acid and corrosion.
   Will:      It increases your willpower.
 n - the +3 helmet "Oqaitad" (worn) {MP+9 Str+6 Dex-3}
   (You found it on level 2 of the Dungeon)

   Str:       It affects your strength (+6).
   Dex:       It affects your dexterity (-3).
   MP:        It affects your magic capacity (+9).
 y - the +14 plate armour of Wariness (worn) {rF+ SInv}
   (You found it on level 3 of the Elven Halls)

   rF:        It protects you from fire.
   SInv:      It lets you see invisible.
 Y - the +0 cloak of Hospitality (worn) {Regen+ Str+6}
   (Okawaru gifted it to you on level 12 of the Dungeon)

   Str:       It affects your strength (+6).
   Regen:     It increases your rate of health regeneration.
Jewellery
 f - a ring of poison resistance
 o - the ring "Houpad" {rF- Will+ AC+4 Str+2 Stlth+}
   (You found it on level 1 of the Vaults)

   [ring of protection]

   AC:        It affects your AC (+4).
   Str:       It affects your strength (+2).
   rF:        It makes you vulnerable to fire.
   Will:      It increases your willpower.
   Stlth:     It makes you more stealthy.
 s - the ring of Amoengy {Wiz rPois rCorr MP-9 Str+5}
   (You found it on level 14 of the Dungeon)

   [ring of wizardry]

   It improves your spell success rate.
   Str:       It affects your strength (+5).
   rPois:     It protects you from poison.
   MP:        It affects your magic capacity (-9).
   rCorr:     It protects you from acid and corrosion.
 t - an amulet of guardian spirit (around neck)
 v - a +5 ring of evasion
 w - a ring of protection from cold
 R - the ring "Riomep" (left claw) {rElec rPois rF- Int+4}
   (You took it off a gnoll sergeant on level 9 of the Dungeon)

   [ring of poison resistance]

   Int:       It affects your intelligence (+4).
   rF:        It makes you vulnerable to fire.
   rElec:     It insulates you from electricity.
   rPois:     It protects you from poison.
 T - the ring of Ratiozil (right claw) {Fly rC+++ EV+5 Str-4 Dex+6}
   (You found it on level 3 of the Elven Halls)

   [ring of evasion]

   EV:        It affects your evasion (+5).
   Str:       It affects your strength (-4).
   Dex:       It affects your dexterity (+6).
   rC:        It renders you almost immune to cold.
   Fly:       It grants you flight.
Wands
 h - a wand of digging (12)
 r - a wand of acid (35)
 u - a wand of iceblast (18)
 F - a wand of paralysis (42)
 N - a wand of mindburst (51)
 Q - a wand of flame (72)
Scrolls
 d - 5 scrolls of immolation
 g - a scroll of brand weapon
 j - 12 scrolls of enchant armour
 m - 21 scrolls of teleportation {@r4}
 A - 6 scrolls of fear
 B - 14 scrolls of poison
 C - 7 scrolls of fog
 H - 4 scrolls of blinking
 J - 9 scrolls of silence
Potions
 i - 28 potions of curing {@q1}
 k - 3 potions of invisibility
 p - 5 potions of might
 q - 12 potions of lignification
 x - 6 potions of haste {@q3}
 z - 14 potions of brilliance
 E - 4 potions of ambrosia
 G - 5 potions of attraction
 I - 4 potions of resistance
 K - 16 potions of heal wounds {@q2}
 M - 9 potions of mutation
 P - 5 potions of berserk rage
 S - 2 potions of magic
 U - 9 potions of cancellation
 Z - 4 potions of flight
Miscellaneous
 O - a condenser vane


   Skills:
 - Level 22.0 Fighting
 - Level 1.7 Short Blades
 - Level 22.0 Throwing
 + Level 15.3 Armour
 + Level 15.7 Dodging
 - Level 10.0 Stealth
 - Level 16.0 Shields
 - Level 22.0 Unarmed Combat
 - Level 12.0 Invocations


You had 24 spell levels left.
You didn't know any spells.
Your spell library contained the following spells:

 Spells                   Type           Power      Damage    Failure   Level
 Apportation              Tloc           0%         N/A       96%         1
 Foxfire                  Conj/Fire      0%         2x1d4     96%         1
 Freeze                   Ice            0%         1d3       96%         1
 Kiss of Death            Conj/Necr      0%         2d5       96%         1
 Magic Dart               Conj           0%         1d3       96%         1
 Necrotise                Necr           0%         1d4       96%         1
 Shock                    Conj/Air       0%         1d3       96%         1
 Blink                    Tloc           0%         N/A       99%         2
 Cigotuvi's Dreadful Rot  Necr/Pois/Air  0%         N/A       99%         2
 Ensorcelled Hibernation  Hex/Ice        0%         N/A       99%         2
 Lesser Beckoning         Tloc           0%         N/A       99%         2
 Momentum Strike          Conj/Tloc      0%         3d8       99%         2
 Passwall                 Tmut/Erth      0%         N/A       99%         2
 Poisonous Vapours        Pois/Air       0%         N/A       99%         2
 Searing Ray              Conj           0%         2d4       99%         2
 Static Discharge         Conj/Air       0%         2-2/arc   99%         2
 Sublimation of Blood     Necr           0%         N/A       99%         2
 Wereblood                Tmut           0%         N/A       99%         2
 Confusing Touch          Hex            0%         N/A       100%        3
 Dazzling Flash           Conj/Hex       0%         N/A       100%        3
 Frozen Ramparts          Ice            0%         1d1       100%        3
 Gell's Gravitas          Tloc           0%         N/A       100%        3
 Hailstorm                Conj/Ice       0%         3d3       100%        3
 Ignite Poison            Fire/Tmut/Pois 0%         N/A       100%        3
 Inner Flame              Hex/Fire       0%         N/A       100%        3
 Kindle Blastsparks       Fire/Tloc/Air  0%         2d10      100%        3
 Mephitic Cloud           Conj/Pois/Air  0%         N/A       100%        3
 Ozocubu's Armour         Ice            0%         N/A       100%        3
 Portal Projectile        Hex/Tloc       0%         N/A       100%        3
 Spider Form              Tmut/Pois      0%         N/A       100%        3
 Swiftness                Air            0%         N/A       100%        3
 Teleport Other           Tloc           0%         N/A       100%        3
 Vhi's Electric Charge    Tloc/Air       0%         N/A       100%        3
 Airstrike                Air            0%         2d(0-16)  100%        4
 Anguish                  Hex/Necr       0%         N/A       100%        4
 Cause Fear               Hex            0%         N/A       100%        4
 Dispel Undead            Necr           0%         3d6       100%        4
 Fulminant Prism          Conj/Hex       0%         3d5       100%        4
 Iskenderun's Mystic Bla  Conj/Tloc      0%         2d3       100%        4
 Passage of Golubria      Tloc           0%         N/A       100%        4
 Petrify                  Tmut/Erth      0%         N/A       100%        4
 Arcjolt                  Conj/Air       0%         1d10      100%        5
 Blade Hands              Tmut           0%         N/A       100%        5
 Freezing Cloud           Conj/Ice/Air   0%         6-21      100%        5
 Irradiate                Conj/Tmut      0%         3d11      100%        5
 Lee's Rapid Deconstruct  Erth           0%         3d4*      100%        5
 Lightning Bolt           Conj/Air       0%         1d11      100%        5
 Silence                  Hex/Air        0%         N/A       100%        5
 Eringya's Noxious Bog    Tmut/Pois      0%         N/A       100%        6
 Starburst                Conj/Fire      0%         6d3       100%        6
 Dragon Form              Tmut           0%         N/A       100%        7
 Ozocubu's Refrigeration  Ice            0%         4d7       100%        7
 Borgnjor's Revivificati  Necr           0%         N/A       100%        8
 Discord                  Hex            0%         N/A       100%        8
 Lehudib's Crystal Spear  Conj/Erth      0%         10d2      100%        8
 Maxwell's Capacitive Co  Air            0%         ∞         100%        8
 Necromutation            Tmut/Necr      0%         N/A       100%        8
 Death's Door             Necr           0%         N/A       100%        9
 Summon Small Mammal      Summ           Unusable   N/A       N/A         1
 Call Imp                 Summ           Unusable   N/A       N/A         2
 Death Channel            Necr           Unusable   N/A       N/A         6
 Summon Hydra             Summ           Unusable   N/A       N/A         7

Dungeon Overview and Level Annotations

Branches:
Dungeon (15/15)            Temple (0/1) D:7            Lair (5/5) D:11
  Swamp (4/4) Lair:2        Snake (4/4) Lair:2        Slime (5/5) Lair:5
    Orc (2/2) D:9             Elf (3/3) Orc:2        Vaults (4/5) D:13
  Crypt (0/3) Vaults:2     Depths (4/4) D:15            Zot (5/5) Depths:4
 Bailey (visited)         Volcano (visited)

Altars:
Ashenzari
Makhleb
Nemelex Xobeh
Okawaru
Ru
Uskayaw
Vehumet
Wu Jian
Jiyva

Shops:
D:4 (   D:13 ?   Orc:2 *![[   Elf:1 [   Elf:2 ?!*   Elf:3 *   Snake:2 [
Depths:2 ([[*

Portals:
Hell: Depths:1 Depths:2 Depths:3 Depths:4
Abyss: Depths:2 Depths:3
Pandemonium: Depths:2
Ziggurat: Depths:1

Annotations:
D:4 Natasha
D:6 1 runed translucent door, Esekla's ghost, weakling VSDe
D:8 1 runed translucent door, barkas's ghost, novice NaHs
Elf:2 3 runed translucent doors
Zot:5 3 runed translucent doors, Bealaq's ghost, legendary GnFE


Innate Abilities, Weirdness & Mutations

You have claws for hands.
You are completely covered in rugged brown scales. (AC +3, +7% HP)
Your demonic aura often causes spilled blood to erupt in flames.
You are powered by pain.
You are resistant to unholy torment.
You punish those that try to bend your will. (Will+)
Your flesh is cold resistant. (rC+)
You are vulnerable to heat. (rF-)


Message History

A smoke demon comes into view.
Natasha hisses angrily.
There is a stone staircase leading up here.
(D) Dungeon (T) Temple (L) Lair (S) Swamp (P) Snake Pit (M) Slime Pits (O) Orcish Mines (E) Elven Halls (V) Vaults (C) Crypt (U) Depths (H) Hell (Z) Zot
Where to? (Enter - D:1 @ (x,y), ? - help)
Okay, then.
You fly upwards.
There is a stone staircase leading down here.
(D) Dungeon (T) Temple (L) Lair (S) Swamp (P) Snake Pit (M) Slime Pits (O) Orcish Mines (E) Elven Halls (V) Vaults (C) Crypt (U) Depths (H) Hell (Z) Zot
Where to? (Enter - D:1 @ (x,y), ? - help)
There is a stone staircase leading up here.
You fly upwards.
There is a stone staircase leading down here.
A ynoxinul comes into view.
You scratch the ynoxinul.
The ynoxinul is lightly wounded.
You scratch the ynoxinul but do no damage.
The ynoxinul is lightly wounded.
You eviscerate the ynoxinul!!!
You kill the ynoxinul!
Okawaru accepts your kill.
No target in view!
(D) Dungeon (T) Temple (L) Lair (S) Swamp (P) Snake Pit (M) Slime Pits (O) Orcish Mines (E) Elven Halls (V) Vaults (C) Crypt (U) Depths (H) Hell (Z) Zot
Where to? (Enter - D:1 @ (x,y), ? - help)
There is a stone staircase leading up here.
You fly upwards.
There is a stone staircase leading down here.
You see here a +0 short sword.
There is an open door here.
There is a staircase leading out of the dungeon here.
You have escaped!

# #......####'#.## ###.####.# #
###....# ##...## #.# #.#
######....# ##.....## #.# ###
.....)..#.###.......###.#########
.....###..##.........+#..........
#....###.##...........###########
#....+...#.............#...#
.....#####....)........#.#.#
.#.#.# #......@......#.#.######
#.#.## #.............#.........
.###)# #.............###.######
#.#.## ##...........##........#
.#.#.# ##.........###.#.####.#
#.#.## #'.......'# #.#.......
.###.# #######.....### #.#....#.#
#.#.## #.....###.### #.#.##.#.#
.#.#.# #####.# #.#######.#.##.#>#


There were no monsters in sight!

Vanquished Creatures
  the Royal Jelly (Slime:5)
  5 dread liches (Zot:5)
  3 ancient liches (Zot:5)
  6 orbs of fire
  5 Killer Klowns
  2 curse toes
  5 caustic shrikes (Depths:3)
  Nikola (Elf:3)
  Saint Roka (Vaults:3)
  9 golden dragons
  4 electric golems
  2 bone dragons (Depths:4)
  19 tentacled monstrosities
  Rupert (Snake:1)
  2 pandemonium lords
  An Ice Fiend (Depths:4)
  A Hell Sentinel (D:12)
  A hellephant (Zot:5)
  25 Orb Guardians (Zot:5)
  2 deep elf blademasters (Elf:3)
  7 quicksilver dragons
  12 death cobs
  4 deep elf master archers (Elf:3)
  6 sphinxes
  26 acid blobs
  An Executioner (D:10)
  2 thorn hunters
  5 shadow dragons
  7 draconian monks
  3 tengu reavers
  14 storm dragons
  6 draconian knights
  14 rockslimes
  3 nagarajas (Snake:4)
  A fenstrider witch (Swamp:1)
  10 azure jellies
  14 deep elf sorcerers
  4 fire giants
  2 iron dragons
  5 frost giants
  15 vault wardens
  A balrug (Depths:1)
  7 draconian scorchers
  6 draconian stormcallers
  A cacodemon (Depths:4)
  3 ghost moths
  10 draconian shifters
  5 deep elf elementalists
  12 ironbound preservers
  Louise (Swamp:4)
  9 orc warlords
  2 caustic shrike zombies (Depths:3)
  4 spriggan defenders
  An angel (D:8)
  25 very ugly things
  2 war gargoyles (Vaults:3)
  11 draconian annihilators
  10 quicksilver oozes
  14 stone giants
  13 ironbound thunderhulks
  3 vampire knights
  17 green draconians
  3 deep elf demonologists
  10 deep elf annihilators
  10 dire elephants
  4 bunyips
  13 black draconians
  3 eleionomae
  3 minotaurs (Depths:4)
  A black draconian (shapeshifter) (Zot:4)
  14 red draconians
  12 white draconians
  7 yellow draconians
  12 spark wasps
  13 purple draconians
  6 deep elf death magi
  A blizzard demon (Depths:2)
  A crystal guardian (Zot:4)
  14 ettins
  An entropy weaver (Vaults:2)
  7 deep elf high priests
  A jiangshi (Vaults:2)
  8 yaktaur captains
  11 fire dragons
  Fannar (Lair:1)
  8 rakshasas
  Harold (Lair:1)
  3 vault guards
  A peacekeeper (Vaults:3)
  14 great orbs of eyes
  5 ice dragons
  5 spriggan air magi
  12 centaur warriors
  14 hydras
  9 ironbound frosthearts
  2 ghost crabs
  3 salamander tyrants
  7 anacondas
  3 merfolk avatars (Swamp:3)
  2 death knights (Zot:4)
  2 boulder beetles
  17 dancing weapons
  6 two-headed ogres
  5 catoblepae
  14 alligators
  8 naga warriors
  2 two-headed ogres (shapeshifter)
  A deep troll earth mage (Depths:2)
  A deep troll shaman (Depths:1)
  3 tengu warriors
  16 death yaks (Lair:5)
  A titan zombie (Depths:3)
  3 vampire magi
  3 orc high priests
  5 hell knights (Depths:3)
  7 shock serpents
  10 spriggan berserkers
  Sonja (Lair:1)
  17 naga sharpshooters
  A soul eater (Vaults:2)
  12 spriggans
  2 sun demons (Depths:1)
  7 deep elf knights
  2 skysharks
  4 skeletal warriors
  8 goliath frogs
  A golden dragon zombie (Depths:3)
  4 sixfirhies
  4 spriggan druids
  36 deep trolls
  A naga ritualist (Snake:4)
  6 wizards
  15 swamp dragons
  11 deep elf archers
  7 glowing orange brains
  A death drake (Swamp:4)
  A flayed ghost (Depths:2)
  5 bog bodies
  3 obsidian statues
  3 orb spiders (Zot:4)
  Pikel (D:5)
  4 harpies
  18 ironbound convokers
  16 lindwurms
  4 necromancers
  30 deep elf pyromancers
  4 phantasmal warriors
  2 anaconda skeletons (Volcano)
  A tengu zombie (Vaults:4)
  5 mana vipers
  22 deep elf zephyrmancers
  15 orc knights
  40 ugly things
  5 shining eyes
  5 salamanders
  8 orc sorcerers
  7 will-o-the-wisps
  2 frost giant zombies (D:15)
  5 manticores
  3 cyclopes
  27 black mambas
  26 moths of wrath
  A black mamba (shapeshifter) (D:13)
  A torpor snail (Lair:5)
  2 smoke demons
  13 vault sentinels
  2 eyes of devastation (Slime:5)
  7 gargoyles
  5 elephants (Lair:5)
  2 orange demons
  5 rust devils
  Maggie (D:6)
  7 naga magi
  11 guardian serpents
  Joseph (D:9)
  12 cane toads
  40 yaktaurs
  A rime drake (Lair:1)
  A komodo dragon (Lair:1)
  An unseen horror (D:10)
  A freezing wraith (D:15)
  A yaktaur zombie (Vaults:4)
  A tengu conjurer (Depths:3)
  4 ice devils
  9 trolls
  3 harpy zombies (Zot:4)
  A sphinx simulacrum (Vaults:4)
  3 red devils
  A hornet (shapeshifter) (Elf:3)
  A yaktaur skeleton (Vaults:4)
  3 hellwings
  3 polar bears
  A tengu simulacrum (Vaults:2)
  15 hornets
  A tarantella (Vaults:2)
  6 tyrant leeches
  14 blink frogs
  2 harpy skeletons (Volcano)
  A raiju (Zot:4)
  4 flying skulls
  A large abomination (D:11)
  A spriggan zombie (D:15)
  73 slime creatures
  3 alligator skeletons (Volcano)
  3 air elementals (Elf:2)
  7 water elementals
  6 basilisks
  4 wyverns
  4 ynoxinuls
  2 ettin skeletons
  2 fire elementals
  53 yaks
  A human (shapeshifter) (D:15)
  2 wraiths
  12 vampire mosquitoes
  Grum (D:9)
  6 golden eyes (Slime:1)
  2 neqoxecs (Depths:2)
  2 steam dragons (D:9)
  2 redbacks (Vaults:2)
  2 chaos spawn
  A yaktaur simulacrum (Vaults:2)
  4 wargs
  Menkaure (D:4)
  2 human zombies
  26 nagas
  3 acid dragons
  19 water moccasins
  21 swamp worms
  An acid dragon (shapeshifter) (Vaults:1)
  30 orc warriors
  A human skeleton (Depths:3)
  6 swamp drakes
  3 floating eyes
  2 black bears
  6 boggarts
  6 ogres
  13 wolves
  2 phantoms (D:5)
  15 centaurs
  A kobold brigand (D:7)
  7 bullfrogs
  3 earth elementals
  5 necrophages
  3 scorpions
  4 gnoll sergeants
  A wight (D:7)
  A spriggan skeleton (Volcano)
  4 howler monkeys
  3 electric eels (D:10)
  A troll skeleton (Volcano)
  2 gnoll boudas
  11 jellies
  19 orc priests
  3 hounds
  Natasha (twice) (D:4)
  7 iguanas
  22 orc wizards
  11 hell rats
  2 naga skeletons (Volcano)
  Robin (D:4)
  7 adders
  30 gnolls
  A shadow imp (D:8)
  2 white imps
  An ufetubus (D:5)
  A dart slug (D:1)
  106 orcs
  8 ball pythons
  9 endoplasms
  3 giant cockroaches
  10 goblins
  10 hobgoblins
  4 jackals (D:2)
  9 kobolds
  5 quokkas
  8 bats
  3 frilled lizards
  4 rats
  A bush (Lair:1)
  A butterfly (Lair:4)
2040 creatures vanquished.

Vanquished Creatures (others)
  A draconian knight (Zot:1)
  A deep elf demonologist (Elf:3)
  2 deep elf knights
  An ugly thing (Zot:4)
  A bloated husk (Swamp:3)
  A hornet (Swamp:2)
  A spriggan (Swamp:2)
  A boggart (Vaults:3)
  38 foxfires
  26 fungi
  83 plants
  3 withered plants (D:15)
159 creatures vanquished.

Grand Total: 2199 creatures vanquished

Notes
Turn   | Place    | Note
-------+----------+-------------------------------------------
     0 | D:1      | freelancePsychic the Demonspawn Brigand began the quest for
                  | the Orb.
     0 | D:1      | Reached XP level 1. HP: 16/16 MP: 1/1
    91 | D:1      | Gained mutation: You have sharp fingernails. [demonic
                  | ancestry]
    91 | D:1      | Reached XP level 2. HP: 17/22 MP: 2/2
   821 | D:1      | Gained mutation: You sometimes gain a little power by
                  | taking damage. [demonic ancestry]
   821 | D:1      | Reached XP level 3. HP: 23/27 MP: 3/3
  1100 | D:2      | Identified the +3 helmet "Oqaitad" {MP+9 Str+6 Dex-3}
  1756 | D:3      | Identified the +2 leather armour "Jusym" {Str+4 Slay+4}
  1950 | D:3      | Gained mutation: You have very sharp fingernails. [demonic
                  | ancestry]
  1950 | D:3      | Reached XP level 4. HP: 33/33 MP: 4/4
  1972 | D:3      | Reached skill level 5 in Stealth
  2052 | D:3      | Reached skill level 1 in Unarmed Combat
  2052 | D:3      | Reached XP level 5. HP: 39/39 MP: 5/5
  2828 | D:4      | Noticed Natasha
  2839 | D:4      | Killed Natasha
  2892 | D:4      | Found an iron altar of Okawaru.
  2900 | D:4      | Became a worshipper of Warmaster Okawaru
  2939 | D:4      | Noticed Robin
  2954 | D:4      | Killed Robin
  2963 | D:4      | Found Mitisk's Antique Weapon Shop.
  3053 | D:4      | Noticed Natasha
  3063 | D:4      | Killed Natasha
  3064 | D:4      | Reached skill level 1 in Invocations
  3064 | D:4      | Reached XP level 6. HP: 34/47 MP: 6/6
  3435 | D:4      | Noticed Menkaure
  3439 | D:4      | Killed Menkaure
  3440 | D:4      | Gained mutation: Your demonic aura sometimes causes spilled
                  | blood to erupt in flames. [demonic ancestry]
  3440 | D:4      | Reached XP level 7. HP: 28/54 MP: 9/9
  3728 | D:5      | Entered Level 5 of the Dungeon
  3793 | D:5      | Reached * piety under Okawaru
  3943 | D:5      | Reached skill level 5 in Fighting
  4196 | D:5      | Reached skill level 5 in Invocations
  4310 | D:5      | Reached XP level 8. HP: 55/62 MP: 11/11
  4342 | D:5      | Noticed Pikel
  4347 | D:5      | Paralysed by Pikel for 4 turns
  4356 | D:5      | Killed Pikel
  4356 | D:5      | Reached ** piety under Okawaru
  4357 | D:5      | Reached skill level 5 in Unarmed Combat
  4473 | D:6      | Found a runed translucent door.
  4479 | D:6      | Noticed Esekla's ghost (weakling VSDe)
  4688 | D:6      | Noticed Maggie
  4699 | D:6      | Killed Maggie
  4699 | D:6      | Reached *** piety under Okawaru
  4700 | D:6      | Gained mutation: You have claws for hands. [demonic
                  | ancestry]
  4700 | D:6      | Reached XP level 9. HP: 59/72 MP: 12/12
  4844 | D:6      | Reached skill level 1 in Dodging
  5601 | D:7      | Found a staircase to the Ecumenical Temple.
  5750 | D:7      | Reached **** piety under Okawaru
  6328 | D:8      | Received a gift from Okawaru
  6339 | D:8      | Gained mutation: Your demonic aura often causes spilled
                  | blood to erupt in flames. [demonic ancestry]
  6339 | D:8      | Reached XP level 10. HP: 57/82 MP: 13/13
  6820 | D:8      | Noticed a two-headed ogre
  6839 | D:8      | Killed a two-headed ogre
  7142 | D:8      | Reached skill level 10 in Stealth
  7358 | D:8      | Found a runed translucent door.
  7361 | D:8      | Identified the +1 trident of Success {freeze, Will+}
  7364 | D:8      | Noticed barkas's ghost (novice NaHs)
  7605 | D:9      | Noticed Grum
  7613 | D:9      | Killed Grum
  7744 | D:9      | Reached ***** piety under Okawaru
  8041 | D:9      | Noticed Joseph
  8201 | D:9      | Reached skill level 5 in Dodging
  8371 | D:9      | Identified the ring "Riomep" {rElec rPois rF- Int+4}
  8384 | D:9      | Identified the +3 robe of the Ecumenical Temple {Str+4}
                  | (Okawaru gifted it to you on level 9 of the Dungeon)
  8384 | D:9      | Received a gift from Okawaru
  8427 | D:9      | Found a staircase to the Orcish Mines.
  8745 | D:9      | Noticed a two-headed ogre
  8755 | D:9      | Killed a two-headed ogre
  8756 | D:9      | Gained mutation: You sometimes gain power by taking damage.
                  | [demonic ancestry]
  8756 | D:9      | Reached XP level 11. HP: 68/89 MP: 14/14
  9014 | D:9      | Killed Joseph
  9129 | D:10     | Entered Level 10 of the Dungeon
  9154 | D:10     | Noticed a two-headed ogre
  9158 | D:10     | Killed a two-headed ogre
  9159 | D:10     | Reached skill level 5 in Throwing
  9164 | D:10     | Noticed a two-headed ogre
  9176 | D:10     | Killed a two-headed ogre
  9190 | D:10     | Noticed a two-headed ogre
  9208 | D:10     | Killed a two-headed ogre
  9209 | D:10     | Reached skill level 10 in Fighting
  9220 | D:10     | Found a flagged portal.
  9229 | Bailey   | Entered a bailey
  9677 | Bailey   | Noticed an orc knight
  9714 | Bailey   | Killed an orc knight
  9833 | Bailey   | Noticed an orc knight
  9861 | Bailey   | Killed an orc knight
 10064 | Bailey   | Identified a scroll of acquirement
 10064 | Bailey   | Acquired 802 gold pieces
 10160 | D:10     | Identified the +8 glaive of Veby {pain, Fly Will+ rCorr
                  | SInv}
 10839 | D:11     | Noticed a purple ugly thing
 10852 | D:11     | Killed a purple ugly thing
 10852 | D:11     | Received a gift from Okawaru
 10960 | D:11     | Found a staircase to the Lair.
 11424 | D:11     | Gained mutation: You are powered by pain. [demonic
                  | ancestry]
 11424 | D:11     | Reached XP level 12. HP: 94/98 MP: 15/15
 11570 | Lair:1   | Entered Level 1 of the Lair of Beasts
 11621 | Lair:1   | You fall into a shaft and drop 1 floor!
 11621 | Lair:2   | Found a staircase to the Swamp.
 11631 | Lair:2   | Received a gift from Okawaru
 11646 | Lair:1   | Noticed Harold
 11649 | Lair:1   | Killed Harold
 11684 | Lair:1   | Noticed Fannar
 11696 | Lair:1   | Killed Fannar
 11732 | Lair:1   | Received a gift from Okawaru
 11763 | Lair:1   | Reached skill level 10 in Unarmed Combat
 11773 | Lair:1   | Found a dark tunnel.
 11779 | Volcano  | Entered a volcano
 12292 | Volcano  | Received a gift from Okawaru
 13011 | Lair:1   | Noticed Sonja
 13027 | Lair:1   | Killed Sonja
 13122 | Lair:1   | Received a gift from Okawaru
 13392 | Lair:1   | Reached XP level 13. HP: 108/108 MP: 16/16
 14011 | Lair:2   | Found a staircase to the Snake Pit.
 14021 | Lair:2   | Received a gift from Okawaru
 15344 | Lair:3   | Received a gift from Okawaru
 16627 | Lair:5   | Entered Level 5 of the Lair of Beasts
 16645 | Lair:5   | Received a gift from Okawaru
 16767 | Lair:5   | Reached skill level 10 in Dodging
 17292 | Lair:5   | Identified the +2 kite shield "Taimot" {rN++ Dex+2}
                  | (Okawaru gifted it to you on level 5 of the Lair of Beasts)
 17292 | Lair:5   | Received a gift from Okawaru
 17293 | Lair:5   | Gained mutation: You are partially covered in rugged brown
                  | scales. (AC +1, +3% HP) [demonic ancestry]
 17293 | Lair:5   | Reached XP level 14. HP: 86/121 MP: 17/17
 17810 | Lair:5   | Found a runed translucent door.
 17812 | Lair:5   | Noticed an acid blob
 17813 | Lair:5   | Found a staircase to the Slime Pits.
 17813 | Lair:5   | Noticed an acid blob
 18607 | Orc:1    | Entered Level 1 of the Orcish Mines
 18973 | Orc:2    | Entered Level 2 of the Orcish Mines
 19272 | Orc:2    | Paralysed by an orc sorcerer for 5 turns
 19291 | Orc:2    | Reached skill level 1 in Shields
 19739 | Orc:2    | Found a staircase to the Elven Halls.
 19879 | Orc:2    | Found Cull's Armour Boutique.
 19879 | Orc:2    | Found Towoag's General Store.
 19880 | Orc:2    | Found Wugirer's Distillery.
 19884 | Orc:2    | Found Wueryi's Armour Boutique.
 19890 | Orc:2    | Bought 2 potions of might for 120 gold pieces
 19891 | Orc:2    | Bought a +0 pair of boots for 63 gold pieces
 19897 | Orc:2    | Bought the +5 chain mail of Jomycvot {-Cast rF++ Regen+
                  | Dex+2} for 870 gold pieces
 20456 | D:12     | Identified the +0 cloak of Hospitality {Regen+ Str+6}
                  | (Okawaru gifted it to you on level 12 of the Dungeon)
 20456 | D:12     | Received a gift from Okawaru
 20594 | D:12     | Reached skill level 1 in Armour
 21054 | D:13     | Found a gate to the Vaults.
 21089 | D:13     | Found Osach's Magic Scroll Boutique.
 21099 | D:13     | Bought a scroll of teleportation for 36 gold pieces
 21099 | D:13     | Bought a scroll of torment for 114 gold pieces
 21741 | D:14     | Gained mutation: You are mostly covered in rugged brown
                  | scales. (AC +2, +5% HP) [demonic ancestry]
 21741 | D:14     | Reached XP level 15. HP: 120/133 MP: 21/21
 22202 | D:14     | Reached ****** piety under Okawaru
 22207 | D:14     | Identified the +6 double sword "Doth" {protect, Int+3
                  | Dex+3} (Okawaru gifted it to you on level 14 of the
                  | Dungeon)
 22207 | D:14     | Received a gift from Okawaru
 22213 | D:14     | Reached skill level 5 in Shields
 22332 | D:14     | Identified the ring of Amoengy {Wiz rPois rCorr MP-9 Str+5}
 22611 | D:15     | Entered Level 15 of the Dungeon
 22736 | D:15     | Found a staircase to the Depths.
 22783 | D:15     | Reached skill level 5 in Armour
 22845 | D:15     | Found a radiant altar of Vehumet.
 23486 | D:15     | Received a gift from Okawaru
 24104 | Swamp:1  | Entered Level 1 of the Swamp
 24128 | Snake:1  | Entered Level 1 of the Snake Pit
 24155 | Snake:1  | Noticed Rupert
 24168 | Snake:1  | Killed Rupert
 24168 | Snake:1  | Identified the +3 robe of Muttered Phrases {rElec Str+3}
                  | (Okawaru gifted it to you on level 1 of the Snake Pit)
 24168 | Snake:1  | Received a gift from Okawaru
 24399 | Snake:1  | Reached skill level 15 in Fighting
 24581 | Snake:1  | Acquired the +1 kite shield "Putwer" {Rampage rF+ Dex+2}
 24759 | Snake:1  | Reached skill level 10 in Invocations
 25513 | Snake:2  | Reached XP level 16. HP: 100/142 MP: 23/23
 25552 | Snake:2  | Found Veiris's Armour Boutique.
 26084 | Snake:3  | Found an ornate altar of the Wu Jian Council.
 26242 | Snake:3  | Identified the +5 quarterstaff of Defenestration {pain,
                  | rElec rF- Will- Str+6} (Okawaru gifted it to you on level 3
                  | of the Snake Pit)
 26242 | Snake:3  | Received a gift from Okawaru
 26652 | Snake:4  | Entered Level 4 of the Snake Pit
 27283 | Snake:4  | Identified the +1 helmet of Laumiq {rElec rC+ Str-2 Int+3}
                  | (Okawaru gifted it to you on level 4 of the Snake Pit)
 27283 | Snake:4  | Received a gift from Okawaru
 27426 | Snake:4  | Noticed a quicksilver dragon
 27426 | Snake:4  | Noticed a quicksilver dragon
 27427 | Arena    | Entered the Arena
 27434 | Arena    | Killed a quicksilver dragon
 27458 | Snake:4  | Killed a quicksilver dragon
 27506 | Snake:4  | Got a serpentine rune of Zot
 28428 | Swamp:1  | Paralysed by a fenstrider witch for 5 turns
 28581 | Swamp:1  | Received a gift from Okawaru
 28639 | Swamp:1  | Acquired 1121 gold pieces
 28799 | Swamp:1  | Reached skill level 10 in Armour
 28904 | Swamp:2  | Identified the +2 pair of boots "Jeacoath" {Will+ rCorr
                  | Int+2} (Okawaru gifted it to you on level 2 of the Swamp)
 28904 | Swamp:2  | Received a gift from Okawaru
 28977 | Arena    | Entered the Arena
 28984 | Arena    | Reached XP level 17. HP: 83/151 MP: 7/26
 29750 | Swamp:3  | Reached skill level 15 in Unarmed Combat
 30234 | Swamp:4  | Entered Level 4 of the Swamp
 30445 | Swamp:4  | Received a gift from Okawaru
 30777 | Swamp:4  | Got a decaying rune of Zot
 30835 | Swamp:4  | Noticed Louise
 30845 | Swamp:4  | Killed Louise
 31461 | Elf:1    | Entered Level 1 of the Elven Halls
 31560 | Elf:1    | Identified the +5 sling "Nalauqan" {drain, rElec rPois
                  | rCorr Str+5} (Okawaru gifted it to you on level 1 of the
                  | Elven Halls)
 31560 | Elf:1    | Received a gift from Okawaru
 31587 | Elf:1    | Identified the +2 plate armour "Reacig" {rN+ Int-3 Slay+3}
 31621 | Elf:1    | Found Vuudogol's Armour Boutique.
 32428 | Elf:2    | Gained mutation: You punish those that try to bend your
                  | will. (Will+) [demonic ancestry]
 32428 | Elf:2    | Reached XP level 18. HP: 151/162 MP: 27/27
 32560 | Elf:2    | Found Voesch's Magic Scroll Shop.
 32562 | Elf:2    | Found Uroipnua's Distillery.
 32565 | Elf:2    | Found Xecus's General Store.
 32568 | Elf:2    | Bought a scroll of fog for 40 gold pieces
 32568 | Elf:2    | Bought a scroll of teleportation for 30 gold pieces
 32568 | Elf:2    | Bought a scroll of teleportation for 30 gold pieces
 32568 | Elf:2    | Bought a scroll of magic mapping for 75 gold pieces
 32571 | Elf:2    | Bought a potion of curing for 45 gold pieces
 32571 | Elf:2    | Bought a potion of might for 60 gold pieces
 32571 | Elf:2    | Bought a potion of cancellation for 120 gold pieces
 32571 | Elf:2    | Bought a potion of cancellation for 120 gold pieces
 32573 | Elf:2    | Bought a scroll of teleportation for 48 gold pieces
 32713 | Elf:2    | Paralysed by an air elemental for 1 turns
 32721 | Elf:2    | Paralysed by an air elemental for 1 turns
 32726 | Elf:2    | Paralysed by an air elemental for 1 turns
 32813 | Elf:2    | Got Asteat's Codex of the Zephyr and Hypothermia
 32898 | Elf:2    | Paralysed by an air elemental for 1 turns
 32933 | Elf:2    | Received a gift from Okawaru
 32972 | Elf:2    | Reached skill level 10 in Throwing
 33080 | Elf:2    | Found a runed translucent gate.
 33080 | Elf:2    | Found a runed translucent gate.
 33080 | Elf:2    | Found a runed translucent gate.
 33283 | Elf:3    | Entered Level 3 of the Elven Halls
 33349 | Elf:3    | Acquired a manual of Throwing
 33402 | Elf:3    | Found Tofun's General Store.
 33414 | Elf:3    | Bought 2 potions of haste for 280 gold pieces
 33414 | Elf:3    | Bought a scroll of teleportation for 42 gold pieces
 34073 | Elf:3    | Noticed Nikola
 34077 | Elf:3    | Received a gift from Okawaru
 34087 | Elf:3    | Killed Nikola
 34100 | Elf:3    | Reached skill level 10 in Shields
 34120 | Elf:3    | Received a gift from Okawaru
 34138 | Elf:3    | Received a gift from Okawaru
 34342 | Elf:3    | Got the Handbook of Kinetic Soot
 34350 | Elf:3    | Identified the +14 plate armour of Wariness {rF+ SInv}
 34434 | Elf:3    | Identified the ring of Ratiozil {Fly rC+++ EV+5 Str-4
                  | Dex+6}
 34440 | Elf:3    | Identified the ring "Ytusk" {Contam Fly rElec SInv}
 34767 | Vaults:1 | Entered Level 1 of the Vaults
 34808 | Vaults:1 | Reached skill level 15 in Throwing
 34848 | Vaults:1 | Gained mutation: You are completely covered in rugged brown
                  | scales. (AC +3, +7% HP) [demonic ancestry]
 34848 | Vaults:1 | Reached XP level 19. HP: 130/172 MP: 28/28
 34849 | Vaults:1 | Received a gift from Okawaru
 35411 | Vaults:1 | Found a transporter.
 35421 | Vaults:1 | Found a transporter.
 35421 | Vaults:1 | Found the +3 pair of mountain boots {steadfast, rC+}
 36131 | Vaults:1 | Received a gift from Okawaru
 36427 | Vaults:1 | Identified the +0 ring mail "Hikkuvvo" {rElec rN+ Slay+3}
 36431 | Vaults:1 | Identified the ring "Houpad" {rF- Will+ AC+4 Str+2 Stlth+}
 36516 | Vaults:2 | Received a gift from Okawaru
 36737 | Vaults:2 | Received a gift from Okawaru
 36763 | Vaults:2 | Found a staircase to the Crypt.
 37413 | Vaults:2 | Received a gift from Okawaru
 37632 | Vaults:2 | Received a gift from Okawaru
 37868 | Vaults:3 | Reached skill level 15 in Shields
 37897 | Vaults:3 | Reached XP level 20. HP: 121/179 MP: 28/29
 38427 | Vaults:3 | Received a gift from Okawaru
 38899 | Vaults:3 | Noticed Saint Roka
 38912 | Vaults:3 | Killed Saint Roka
 39194 | Vaults:3 | Received a gift from Okawaru
 39491 | Vaults:4 | Identified the +2 cloak of the Farrier {Will- rCorr Dex+6
                  | SInv} (Okawaru gifted it to you on level 4 of the Vaults)
 39491 | Vaults:4 | Received a gift from Okawaru
 39676 | Vaults:4 | Identified the +6 scale mail of Qythiade {Rampage +Inv
                  | Str+2}
 40159 | Vaults:4 | Reached XP level 21. HP: 188/188 MP: 30/30
 40794 | Depths:1 | Entered Level 1 of the Depths
 40863 | Depths:1 | Received a gift from Okawaru
 40873 | Depths:1 | Found a one-way gateway to a ziggurat.
 40949 | Depths:1 | Received a gift from Okawaru
 40981 | Depths:1 | Identified the +5 hand axe of Puckish True Grit {heavy,
                  | rElec}
 40993 | Depths:1 | Found a gateway to Hell.
 41192 | Depths:1 | Found a sacrificial altar of Ru.
 41206 | Depths:1 | Identified the ring "Sipnak" {*Slow rPois Str+6 Int+3
                  | Stlth+}
 41223 | Depths:1 | Identified the +1 tower shield of the Blacksmith {+Blink
                  | rF+ Stlth-} (Okawaru gifted it to you on level 1 of the
                  | Depths)
 41223 | Depths:1 | Received a gift from Okawaru
 41564 | Depths:1 | Found a runed translucent door.
 41860 | Depths:2 | Found Dyfopi's Antique Armour Boutique.
 41860 | Depths:2 | Found Piockiul's Antique Armour Shop.
 41877 | Depths:2 | Found Xiheoh's Weapon Shop.
 42167 | Depths:2 | Found Wacial's General Store.
 42169 | Depths:2 | Bought 4 silver javelins for 720 gold pieces
 42172 | Depths:2 | Bought a dazzling buckler for 237 gold pieces
 42172 | Depths:2 | Identified the +0 buckler "Oteoneph" {+Inv} (You bought it
                  | in a shop on level 2 of the Depths)
 42236 | Depths:2 | Found a one-way gate leading to the halls of Pandemonium.
 42291 | Depths:2 | Found a sacrificial altar of Ru.
 42301 | Depths:2 | Found a one-way gate to the infinite horrors of the Abyss.
 42637 | Depths:2 | Received a gift from Okawaru
 42831 | Depths:2 | Noticed a golden dragon
 42834 | Depths:2 | Identified the +7 broad axe of Uncomfortable Rashes
                  | {protect, *Noise rElec Str+3}
 42841 | Depths:2 | Killed a golden dragon
 42916 | Depths:3 | Paralysed by a floating eye for 2 turns
 42968 | Depths:3 | Received a gift from Okawaru
 43155 | Depths:3 | Received a gift from Okawaru
 43331 | Depths:3 | Reached XP level 22. HP: 198/199 MP: 31/31
 43362 | Depths:3 | Paralysed by a floating eye for 2 turns
 43371 | Depths:3 | Paralysed by a floating eye for 4 turns
 43591 | Depths:3 | Noticed a golden dragon
 43604 | Depths:3 | Killed a golden dragon
 43891 | Depths:3 | Found a burning altar of Makhleb.
 43944 | Depths:3 | Found a burning altar of Makhleb.
 43944 | Depths:3 | Found the +16 obsidian axe {drain, demonic, Mesm Drain Fly
                  | SInv}
 44325 | Depths:3 | Received a gift from Okawaru
 44399 | Depths:4 | Entered Level 4 of the Depths
 44400 | Depths:4 | Noticed a caustic shrike
 44400 | Depths:4 | Noticed a caustic shrike
 44400 | Depths:4 | Noticed a caustic shrike
 44401 | Depths:4 | Noticed a caustic shrike
 44401 | Depths:4 | Noticed a caustic shrike
 44409 | Depths:3 | Killed a caustic shrike
 44416 | Depths:3 | Killed a caustic shrike
 44428 | Depths:3 | Killed a caustic shrike
 44435 | Depths:3 | Killed a caustic shrike
 44438 | Depths:3 | Killed a caustic shrike
 44490 | Depths:4 | Found a gateway to a bazaar.
 44509 | Bazaar   | Entered a bazaar
 44509 | Bazaar   | Found Ohudana's Armour Boutique.
 44512 | Bazaar   | Found Vugede's Assorted Antiques.
 44521 | Bazaar   | Bought a potion of might for 152 gold pieces
 44521 | Bazaar   | Bought a potion of attraction for 114 gold pieces
 44538 | Bazaar   | Found Caicug's Book Emporium.
 44544 | Bazaar   | Found Geatare's Book Shoppe.
 44546 | Bazaar   | Bought a manual of Throwing for 720 gold pieces
 44551 | Bazaar   | Found Uzouttes's Jewellery Shoppe.
 44694 | Depths:4 | Noticed a juggernaut
 44877 | Depths:4 | Reached skill level 15 in Dodging
 45094 | Depths:4 | Noticed a golden dragon
 45110 | Depths:4 | Found a gate to the Realm of Zot.
 45135 | Depths:4 | Killed a golden dragon
 45321 | Depths:4 | Identified the +0 pair of boots of Sahuun {Dex+4} (Okawaru
                  | gifted it to you on level 4 of the Depths)
 45321 | Depths:4 | Received a gift from Okawaru
 45728 | Depths:4 | Found a sparkling altar of Nemelex Xobeh.
 45871 | Depths:3 | Found a hide-covered altar of Uskayaw.
 46192 | Depths:3 | Identified the +2 shortbow of the Mind {drain, Dex+3}
 46614 | Slime:1  | Entered Level 1 of the Pits of Slime
 46645 | Slime:1  | Gained mutation: You do not regenerate when monsters are
                  | visible. [a shining eye]
 47440 | Slime:4  | Reached XP level 23. HP: 207/207 MP: 32/32
 47678 | Slime:5  | Entered Level 5 of the Pits of Slime
 47852 | Slime:5  | Received a gift from Okawaru
 47898 | Slime:5  | Found a viscous altar of Jiyva.
 47899 | Slime:5  | Noticed the Royal Jelly
 47940 | Slime:5  | Killed the Royal Jelly
 48142 | Slime:5  | Found the +5 scythe "Finisher" {speed, eviscerate}
 48195 | Slime:5  | Identified the ring "Uttiecw" {rPois Will+++ rCorr MP-9
                  | Dex-3}
 48197 | Slime:5  | Got the Encyclopedia of Astrapomancy
 48207 | Slime:5  | Got a slimy rune of Zot
 48208 | Slime:5  | Identified the amulet "Ratarch" {rPois Regen+}
 48238 | Slime:5  | Identified the +0 tower shield of Ryejikk {Str+3}
 48305 | Slime:5  | Received a gift from Okawaru
 48984 | Zot:1    | Entered Level 1 of the Realm of Zot
 49170 | Zot:1    | Received a gift from Okawaru
 49659 | Zot:1    | Received a gift from Okawaru
 50085 | Zot:1    | Lost mutation: You do not regenerate when monsters are
                  | visible. [potion of mutation]
 50085 | Zot:1    | Gained mutation: Your flesh is cold resistant. (rC+)
                  | [potion of mutation]
 50309 | Zot:2    | Identified the +0 pair of boots "Hoqeugy" {+Blink rPois rF-
                  | Slay+6} (Okawaru gifted it to you on level 2 of the Realm
                  | of Zot)
 50309 | Zot:2    | Received a gift from Okawaru
 50402 | Zot:2    | Noticed a curse toe
 50414 | Zot:2    | Killed a curse toe
 50488 | Zot:2    | Noticed an orb of fire
 50503 | Zot:2    | Killed an orb of fire
 50508 | Zot:2    | Noticed a Killer Klown
 50525 | Zot:2    | Killed a Killer Klown
 50996 | Zot:2    | Got the Essays on Transmutation
 51032 | Zot:2    | Gained mutation: You are resistant to unholy torment.
                  | [demonic ancestry]
 51032 | Zot:2    | Reached XP level 24. HP: 88/220 MP: 23/32
 51611 | Zot:2    | Received a gift from Okawaru
 51797 | Zot:4    | Received a gift from Okawaru
 52061 | Zot:4    | Found a broken altar of Ashenzari.
 52066 | Zot:4    | Got Vukaig's Commentary on the Displaced Deep Freeze
 52401 | Zot:4    | Received a gift from Okawaru
 52766 | Zot:4    | Noticed an orb of fire
 52784 | Zot:4    | Killed an orb of fire
 53171 | Zot:5    | Entered Level 5 of the Realm of Zot
 53190 | Zot:5    | Received a gift from Okawaru
 53196 | Zot:5    | Noticed a Killer Klown
 53199 | Zot:5    | Killed a Killer Klown
 53776 | Zot:5    | Reached XP level 25. HP: 231/232 MP: 32/32
 53817 | Zot:5    | Found a runed translucent gate.
 53817 | Zot:5    | Found a runed translucent gate.
 53818 | Zot:5    | Found a runed translucent gate.
 53824 | Zot:5    | Noticed Bealaq's ghost (legendary GnFE)
 54098 | Zot:5    | Noticed an orb of fire
 54100 | Zot:5    | Noticed an orb of fire
 54104 | Zot:5    | Killed an orb of fire
 54105 | Zot:5    | Noticed an orb of fire
 54109 | Zot:5    | Killed an orb of fire
 54113 | Zot:5    | Killed an orb of fire
 54121 | Zot:5    | Noticed a dread lich
 54123 | Zot:5    | Noticed a dread lich
 54126 | Zot:5    | Killed a dread lich
 54126 | Zot:5    | Identified the +0 robe of the Fletcher {Int+4} (Okawaru
                  | gifted it to you on level 5 of the Realm of Zot)
 54126 | Zot:5    | Received a gift from Okawaru
 54127 | Zot:5    | Killed a dread lich
 54130 | Zot:5    | Noticed an ancient lich
 54138 | Zot:5    | Killed an ancient lich
 54139 | Zot:5    | Noticed a dread lich
 54153 | Zot:5    | Killed a dread lich
 54154 | Zot:5    | Noticed an ancient lich
 54165 | Zot:5    | Killed an ancient lich
 54203 | Zot:5    | Noticed a Killer Klown
 54213 | Zot:5    | Killed a Killer Klown
 54248 | Zot:5    | Found a runed translucent gate.
 54248 | Zot:5    | Found a runed translucent gate.
 54249 | Zot:5    | Found a runed translucent gate.
 54836 | Zot:5    | Noticed a dread lich
 54844 | Zot:5    | Noticed a dread lich
 54844 | Zot:5    | Noticed a Killer Klown
 54847 | Zot:5    | Killed a dread lich
 54852 | Zot:5    | Killed a dread lich
 54855 | Zot:5    | Killed a Killer Klown
 54856 | Zot:5    | Noticed an ancient lich
 54859 | Zot:5    | Noticed an orb of fire
 54860 | Zot:5    | Noticed a Killer Klown
 54882 | Zot:5    | Killed a Killer Klown
 54906 | Zot:5    | Gained mutation: You are vulnerable to heat. (rF-) [an orb
                  | of fire]
 54907 | Zot:5    | Killed an orb of fire
 54910 | Zot:5    | Killed an ancient lich
 54910 | Zot:5    | Received a gift from Okawaru
 55013 | Zot:5    | Received a gift from Okawaru
 55163 | Zot:5    | Received a gift from Okawaru
 55448 | Zot:5    | Got the Orb of Zot
 55597 | Zot:3    | Reached skill level 15 in Armour
 55642 | Zot:1    | Noticed Lacsyleb the pandemonium lord
 55651 | Zot:1    | Killed Lacsyleb the pandemonium lord
 55720 | Depths:4 | Noticed Osom the pandemonium lord
 55734 | Depths:4 | Killed Osom the pandemonium lord
 55885 | D:14     | Noticed Gonemat the pandemonium lord
 56094 | D:8      | Received a gift from Okawaru
 56173 | D:4      | Noticed Natasha
 56248 | D:$      | Escaped with the Orb!

Illustrated notes

Levels and vault maps discovered:
D:1:      lemuel_arrival_rhombus, layout_basic, grunt_decor_junction,
          roderic_roman_lattice
D:2:      layout_rooms, hangedman_decor_peaks_small
D:3:      layout_basic, kennysheep_pointless_box
D:4:      layout_basic, okawaru_metal_pillars_1_2, serial_shops,
          nicolae_shop_trees, uniq_natasha, uniq_robin, uniq_menkaure
D:5:      layout_rooms, nicolae_overflow_hidden_temple, patterned_corridor,
          uniq_pikel
D:6:      layout_rooms, ebering_ghost_reflecting_pool, minmay_manual_moon,
          uniq_maggie
D:7:      layout_basic, minmay_temple_entry_fiery, minmay_starry_boxes
D:8:      layout_cave_pods, ebering_ghost_funeral_grove
D:9:      layout_basic, mainiacjoe_overflow_concentric_impassable,
          amcnicky_mini_rare_corridor_liquid, uniq_grum, uniq_joseph
D:10:     layout_loops_ring, serial_aquarium, aquarium_bridge_long_joined
          [aquarium_subvault_balcony, aquarium_subvault_window,
          aquarium_subvault_bridge, aquarium_subvault_wall,
          aquarium_subvault_bridge, aquarium_subvault_window],
          aquarium_window_2, aquarium_window_1, aquarium_view_2d,
          aquarium_view_2d, enter_bailey_2, serial_bayou_lake_a
D:11:     layout_loops_ring, minmay_lair_entry_grove
D:12:     layout_roguey
D:13:     layout_basic, erik_vaults_1, serial_shops,
          nicolae_shop_competitors_out_of_business
D:14:     minmay_elf_outpost, layout_long_grid
D:15:     gammafunk_depths_entry_grave, layout_layer_cave, grunt_decor_cap,
          nicolae_vehumet_altar_sigil
Lair:1:   layout_cave_pods, nicolae_volcano_entry_two_sided, uniq_harold,
          uniq_fannar, uniq_sonja
Lair:2:   layout_gridlike, skrybe_swamp_entry_bodies,
          minmay_snake_entry_six_corridors
Lair:3:   layout_small_grid, serial_rivers, chequers_serial_rivers_micro_e,
          chequers_serial_rivers_micro_b, chequers_serial_rivers_large_b,
          chequers_serial_rivers_micro_c
Lair:4:   layout_hall_layers, lemuel_fruit_fields
Lair:5:   evilmike_catoblepas_cave, layout_concentric_octagons, slime_entry_2,
          lemuel_fruit_tree
Swamp:1:  layout_basic_swamp, evilmike_swamp_ruin_wall
Swamp:2:  layout_basic_swamp, evilmike_swamp_ruin_house_3
Swamp:3:  layout_basic_swamp, infiniplex_staircase_pool, grunt_lady_of_the_lake
Swamp:4:  swamp_alternative, layout_basic_swamp, swamp_pool1, uniq_louise
Snake:1:  layout_gridlike, uniq_rupert
Snake:2:  layout_chambers, serial_shops, shop_statue
Snake:3:  layout_onion_interference, basic_altar, nrook_guardian_serpent_double
Snake:4:  hellmonk_snake_rune_quicksilver_temple, layout_gridlike,
          grunt_megastairs_2
Slime:1:  layout_caves, basic_altar
Slime:2:  layout_caves, nicolae_slime_round_cave
Slime:3:  nicolae_slime_jelly_donut, layout_caves
Slime:4:  layout_caves
Slime:5
Orc:1:    layout_caves, basic_altar
Orc:2:    st_orc_mages, layout_caves
Elf:1:    nicolae_elf_arrival_fired_up, layout_onion_city, serial_shops,
          nicolae_shop_behind_doors, evilmike_minifort
Elf:2:    nicolae_elf_blades_splatter_lattice
          [nicolae_blade_entry_hurt_lockers], layout_loops_cross,
          minmay_shop_star
Elf:3:    minmay_elf_hall_four_x, layout_loops_corners, serial_shops,
          nicolae_shop_temple_entry_statues_fountains, drop_trap, uniq_nikola
Vaults:1: v_misc_30, nicolae_vaults_network_s, nicolae_vaults_shelves_hall,
          hangedman_vaults_stagger, v_misc_26, gammafunk_sealed_arena,
          nicolae_vaults_theta, vaults_dpeg_emergency_exit,
          layout_vaults_quadrants
Vaults:2: v_alt_pattern_2, hangedman_vaults_snaps, grunt_vaults_funnel,
          ontoclasm_vaults_chip, grunt_vaults_hallway_short, v_pattern_3,
          nicolae_vaults_stairing_the_circle, st_star,
          ontoclasm_vaults_decontamination, nicolae_vaults_shelves_hall,
          minmay_crypt_entry_simple_corners, vaults_room_pools,
          layout_vaults_maze
Vaults:3: nicolae_vaults_c_with_doors, grunt_vaults_bifocal,
          nicolae_vaults_network_periphery, vaults_room_boxed,
          hangedman_vaults_variations, nicolae_vaults_little_squares_1,
          ontoclasm_vaults_loading_screen, ontoclasm_vaults_shuriken,
          v_pattern_4, nicolae_vaults_gold_heap, v_misc_24,
          hangedman_vaults_trim, layout_vaults_ring, uniq_saint_roka
Vaults:4: vaults_room_door_ring, hangedman_vaults_maws, st_spiral_rooms,
          nicolae_vaults_asterisk, ontoclasm_vaults_eye,
          dpeg_vaults_monster_box, v_misc_12, layout_vaults_big_room
Depths:1: minmay_the_grid_octo_triangle [minmay_the_grid_octo_pinwheel,
          minmay_the_grid_octo_prize_square_snowflake,
          minmay_the_grid_octo_vomiting_pacman], layout_cave_pools,
          ziggurat_fallback, pf_coc_iceberg, serial_rivers,
          chequers_serial_rivers_small_b, chequers_serial_rivers_micro_c,
          chequers_serial_rivers_micro_c, chequers_serial_rivers_small_a,
          chequers_serial_rivers_small_a, minivault_1, lightli_church_of_beogh
Depths:2: nzn_winding_woodlands_cross [nzn_winding_woodlands_5x15_garden,
          nzn_winding_woodlands_5x15_default,
          nzn_winding_woodlands_5x15_concentric,
          nzn_winding_woodlands_5x15_split_checker,
          nzn_winding_woodlands_15x15_boxy_spiral], layout_cave_shapes,
          abyss_entry, grunt_pan_entry_sceptre, hell_entry,
          nicolae_ru_awakened_eye, minmay_shoptagon
Depths:3: regret_index_uskayaw_diablada_macabre, layout_honeycomb,
          kennysheep_path_1, grunt_hell_entry_dis_old, serial_bayou,
          serial_bayou_pond_e, serial_bayou_pond_a, serial_bayou_shore_b,
          serial_bayou_pond_c, serial_bayou_pond_d,
          nicolae_abyss_entry_one_way_or_another,
          grunt_guarded_unrand_obsidian_axe, infiniplex_staircase_squiggle
Depths:4: grunt_crosshair, layout_gridlike, serial_shops, bzr_entry_dummy,
          hell_entry, chequers_serial_rivers_small_b,
          nemelex_diamond_rough_becter
Zot:1:    layout_basic, skrybe_zot_glass_3, grunt_megastairs_3
Zot:2:    layout_onion_interference
Zot:3:    layout_onion_interference
Zot:4:    hangedman_orp_of_zott, layout_basic
Zot:5:    layout_gridlike, gammafunk_ghost_tricky_traps

Skill      XL: |  1  2  3  4  5  6  7  8  9 10 11 12 13 14 15 16 17 18 19 20 21 22 23 24 25 |
---------------+----------------------------------------------------------------------------+-----
Throwing       | 2 3 4 7 8 9 15 16 18 20 22 | 22.0
Stealth        | 4 5 8 10 | 10.0
Unarmed Combat | 1 2 3 4 6 7 8 9 10 12 13 14 15 16 17 19 20 22 | 22.0
Fighting       | 3 4 5 7 8 9 10 12 13 14 15 16 17 18 19 20 22 | 22.0
Invocations    | 1 3 5 8 10 12 | 12.0
Dodging        | 3 5 6 8 10 12 14 15 | 15.7
Shields        | 3 5 8 10 15 16 | 16.0
Armour         | 2 7 10 11 13 14 15 | 15.3
Short Blades   | |  1.7

Action                     |  1- 3 |  4- 6 |  7- 9 | 10-12 | 13-15 | 16-18 | 19-21 | 22-24 | 25-27 || total
---------------------------+-------+-------+-------+-------+-------+-------+-------+-------+-------++-------
  Melee: Dagger            |    81 |       |       |       |       |       |       |       |       ||    81
         Whip              |    53 |   105 |    96 |       |       |       |       |       |       ||   254
         Punch             |     1 |     2 |     9 |    35 |    42 |       |       |       |       ||    89
         Unarmed           |       |       |   129 |   404 |   883 |  1260 |  1673 |  1980 |   326 ||  6655
  Throw: Dart              |     7 |     3 |    33 |    68 |    54 |     6 |       |       |     2 ||   173
         Javelin           |       |       |       |     5 |    18 |     6 |    30 |   110 |    79 ||   248
         Throwing net      |       |       |       |       |     1 |     1 |       |       |       ||     2
         Boomerang         |       |       |       |       |    56 |   110 |    11 |    19 |       ||   196
 Invoke: Heroism           |       |       |     1 |    12 |    13 |    11 |     7 |    14 |     8 ||    66
         Finesse           |       |       |       |     2 |     1 |     4 |     1 |     9 |     6 ||    23
         Duel              |       |       |       |       |       |     2 |       |       |       ||     2
  Evoke: Wand              |       |     2 |       |     7 |       |       |       |     4 |       ||    13
         Condenser vane    |       |       |       |       |       |       |     1 |     1 |       ||     2
    Use: Scroll            |       |     8 |       |    12 |     6 |    17 |     5 |    13 |     6 ||    67
         Potion            |       |       |       |       |     2 |     6 |       |     8 |    13 ||    29
   Stab: Sleeping          |    12 |     5 |     5 |    17 |    14 |     5 |       |       |       ||    58
         Held in net/web   |       |       |       |       |     1 |       |       |       |       ||     1
         Invisible         |       |       |       |       |       |     3 |       |       |    14 ||    17
         Confused          |       |       |       |       |       |       |     2 |       |       ||     2
         Distracted        |       |       |       |       |       |       |     1 |       |     1 ||     2
         Petrified         |       |       |       |       |       |       |       |     1 |       ||     1
 Armour: Robe              |    48 |       |       |       |       |       |       |       |       ||    48
         Leather armour    |     3 |    45 |    84 |   102 |    67 |       |       |       |       ||   301
         Chain mail        |       |       |       |       |   138 |   547 |       |       |       ||   685
         Plate armour      |       |       |       |       |       |     3 |   583 |   793 |    86 ||  1465
  Dodge: Dodged            |    80 |    42 |   103 |   286 |   586 |  1055 |   896 |  1279 |   105 ||  4432
  Block: Buckler           |       |       |       |       |    95 |   291 |       |       |       ||   386
         Kite shield       |       |       |       |       |       |   168 |  1255 |  1439 |   128 ||  2990

Table legend: (Time is in decaauts)
 A = Elapsed time spent in this place.
 B = Non-inter-level travel time spent in this place.
 C = Inter-level travel time spent in this place.
 D = Time resting spent in this place.
 E = Time spent auto-exploring this place.
 F = Levels seen in this place.
 G = Mean time per level.
                   A        B        C        D        E       F      G
               +--------+--------+--------+--------+--------+-----+--------+
         Total |  54555 |  50294 |   4261 |    879 |  38136 |  56 |  974.2 |
       Dungeon |  15243 |  13846 |   1397 |    118 |  11160 |  15 | 1016.2 |
          Lair |   6448 |   5686 |    762 |    136 |   4553 |   5 | 1289.6 |
         Swamp |   3269 |   3079 |    190 |    128 |   2109 |   4 |  817.2 |
     Snake Pit |   3875 |   3664 |    211 |      2 |   2972 |   4 |  968.8 |
    Slime Pits |   1924 |   1820 |    104 |    176 |   1150 |   5 |  384.8 |
  Orcish Mines |   1558 |   1395 |    163 |     12 |   1061 |   2 |  779.0 |
   Elven Halls |   3039 |   2846 |    193 |      0 |   2229 |   3 | 1013.0 |
        Vaults |   5712 |   5397 |    315 |     44 |   4055 |   4 | 1428.0 |
        Depths |   5449 |   4969 |    480 |    116 |   3557 |   4 | 1362.2 |
           Zot |   6072 |   5630 |    442 |     62 |   3911 |   5 | 1214.4 |
        Bazaar |     70 |     70 |      0 |      0 |     47 |   1 |   70.0 |
        Bailey |    826 |    826 |      0 |     81 |    510 |   1 |  826.0 |
       Volcano |   1032 |   1032 |      0 |      4 |    820 |   1 | 1032.0 |
         Arena |     31 |     31 |      0 |      0 |      0 |   2 |   15.5 |
               +--------+--------+--------+--------+--------+-----+--------+

Top non-repeatable levels by time:
   Zot:5: 2026 daAuts
  Lair:5: 1978 daAuts
Depths:3: 1783 daAuts
Vaults:1: 1740 daAuts
     D:9: 1599 daAuts
Vaults:3: 1577 daAuts
Depths:4: 1476 daAuts
  Lair:1: 1458 daAuts
    D:15: 1440 daAuts
   Zot:4: 1409 daAuts
     D:8: 1339 daAuts
 Snake:4: 1334 daAuts
   Zot:2: 1306 daAuts
    D:11: 1273 daAuts
Depths:1: 1251 daAuts
